 Dungeon Crawl Stone Soup version 0.17.1-1-g73c8601 (webtiles) character file.

5765 abixa the Bludgeoner (level 10, 0/114 HPs)
             Began as an Ogre Hunter on Dec 27, 2015.
             Was an Elder of Okawaru.
             Killed from afar by an electric eel (12 damage)
             ... with a bolt of electricity
             ... on level 2 of the Lair of Beasts.
             The game lasted 00:46:14 (12663 turns).

abixa the Bludgeoner (Ogre Hunter)                 Turns: 12663, Time: 00:46:14

Health: 0/114      AC:  4    Str: 19    XL:     10   Next: 78%
Magic:  20/20      EV:  9    Int: 13    God:    Okawaru [****..]
Gold:   519        SH:  0    Dex: 10    Spells: 0 memorised, 9 levels left

rFire  . . .     SeeInvis .     A - +0 giant spiked club
rCold  . . .     Clarity  .     Q - +0 robe (curse)
rNeg   . . .     SustAt   .     (shield currently unavailable)
rPois  +         Gourm    .     (helmet restricted)
rElec  .         Spirit   .     J - +0 cloak {rPois}
rCorr  .         Warding  .     (gloves unavailable)
rMut   .         Stasis   .     (boots unavailable)
MR     +....                    (no amulet)
Stlth  ++........               T - ring of stealth
                                u - ring of magical power

@: drained, somewhat resistant to hostile enchantments, unstealthy
A: unfitting armour, tough skin 1
a: Heroism, Renounce Religion


You were on level 2 of the Lair of Beasts.
You worshipped Okawaru.
Okawaru was greatly pleased with you.
You were not hungry.

You visited 3 branches of the dungeon, and saw 12 of its levels.

You collected 519 gold pieces.

Inventory:

Hand Weapons
 a - a +2 whip of electrocution
 b - a +2 whip of venom
 l - a +0 spear of freezing
 A - a +0 giant spiked club (weapon)
Missiles
 c - 3 large rocks
 d - 3 throwing nets
 f - 159 stones
 w - 44 poisoned needles
 x - 5 tomahawks (quivered)
 y - 39 sling bullets
Armour
 J - a +0 cloak of poison resistance (worn)
 P - a +1 robe of magic resistance
 Q - a cursed +0 robe (worn)
Jewellery
 u - a ring of magical power (left hand)
 T - a ring of stealth (right hand)
Wands
 n - a wand of fireball (8)
 L - a wand of polymorph (11)
 S - a wand of disintegration (21)
Scrolls
 h - 2 scrolls of random uselessness {unknown}
 j - a scroll of enchant armour {unknown}
 k - a scroll of blinking {unknown}
 m - 3 scrolls of remove curse
 q - a scroll of vulnerability {unknown}
 r - 2 scrolls of immolation
 s - 2 scrolls of magic mapping
 D - a scroll of enchant weapon
 G - a scroll of teleportation {unknown}
 I - a scroll of identify
 N - a scroll of noise {unknown}
Potions
 g - a potion of haste {unknown}
 i - 2 potions of heal wounds {unknown}
 t - 2 potions of degeneration {unknown}
 v - 2 potions of might {unknown}
 C - a potion of mutation {unknown}
 E - a potion of poison {unknown}
 F - 4 potions of brilliance
 H - 3 potions of agility
 K - a potion of magic {unknown}
 O - a potion of curing
 R - a potion of berserk rage {unknown}
Miscellaneous
 W - a phial of floods
Comestibles
 e - 8 bread rations
 o - 6 fruits
 p - 5 meat rations
 z - 4 beef jerkies
 B - 2 slices of pizza
 M - a royal jelly
 V - 4 chunks of flesh


   Skills:
 + Level 11.3(10.3) Fighting
 * Level 15.9(14.8) Maces & Flails
 - Level 4.0(3.2) Throwing
 - Level 1.7(1.0) Dodging
 - Level 0.7(0.0) Stealth
 - Level 2.0(1.2) Invocations


You had 9 spell levels left.
You didn't know any spells.

Dungeon Overview and Level Annotations

Branches:
Dungeon (9/15)             Temple (1/1) D:7            Lair (2/8) D:9
    Orc: D:9-12

Altars:
Ashenzari
Cheibriados
Dithmenos
Fedhas
Gozag
Kikubaaqudgha
Makhleb
Okawaru
Qazlal
Ru
Sif Muna
Trog
Vehumet
Xom
Yredelemnul
Zin
The Shining One

Annotations:
D:4 abixa's ghost, novice MiHu
D:7 exclusion: ice statue
D:9 1 runed door
Lair:2 Nergalle


Innate Abilities, Weirdness & Mutations

You are too large for most types of armour.
You have tough skin (AC +1).


Message History

The spectral orc hits you with a short sword.
* * * LOW HITPOINT WARNING * * *
Found a stone staircase leading up.
An electric eel comes into view.
The spectral orc warrior hits you with a mace.
* * * LOW HITPOINT WARNING * * *
Nergalle hits the fungus with a dagger.
The electric eel shoots out a bolt of lightning at you!
The bolt of electricity hits you!
* * * LOW HITPOINT WARNING * * *
The electric eel shoots out a bolt of lightning at you!
The bolt of electricity hits you!
* * * LOW HITPOINT WARNING * * *
Nergalle shouts, "Kill, kill, my pretties!"
Nergalle gestures at you while chanting.
Orcish apparitions take form around you.
The spectral orc warrior hits the fungus but does no damage.
The electric eel shoots out a bolt of lightning at you!
The bolt of electricity hits you!
You die...

#...?.≈≈≈≈..##
P...≈≈≈≈≈≈≈..#
....≈≈≈≈≈≈≈≈.##
#..≈≈≈≈≈≈≈≈;≈.#
#P.≈≈≈≈≈≈≈≈≈≈.#
###.≈Z≈.≈≈≈≈..#
.......<.≈≈≈..#
.......@..≈.≈#
......(..#.###
.......Z##
#####...## ....
##.Z.# ....
##..# ... #Po##
.# #ZZ### ###
###.ZZ.##


You could see Nergalle, 4 spectral orc warriors, a spectral orc knight and an
electric eel.

Vanquished Creatures
  The ghost of Aviak the Digger, a novice DrEE of Ru (D:6)
  A spriggan (D:8)
  A wyvern (D:8)
  A trapdoor spider (D:9)
  2 hippogriffs
  A deep elf fighter (D:9)
  2 porcupines (Lair:1)
  Duvessa (D:6)
  2 black bears
  A necrophage (D:9)
  An orc warrior (D:9)
  7 ogres
  A phantom (D:9)
  2 ice beasts (D:6)
  4 centaurs
  A crocodile (D:9)
  3 giant frogs
  A wyvern zombie (D:8)
  Dowan (D:6)
  3 scorpions
  11 wights
  3 hounds
  2 crimson imps (D:5)
  A quasit (D:7)
  2 gnoll shamans (D:4)
  Crazy Yiuf (D:6)
  2 centaur skeletons
  3 jellies
  A giant frog skeleton (D:6)
  Jessica (D:2)
  3 iguanas
  5 orc wizards
  4 worker ants
  A hound skeleton (D:5)
  2 hound zombies
  44 gnolls
  A shadow imp (D:3)
  13 adders
  5 worms
  3 adder skeletons
  8 giant geckos
  39 orcs
  3 giant cockroaches
  7 goblins
  17 hobgoblins
  22 jackals
  2 quokkas
  A ball python (D:2)
  19 bats
  2 giant gecko skeletons
  4 giant newts
  5 kobolds
  A quokka zombie (D:6)
  8 rats
283 creatures vanquished.

Notes
Turn   | Place    | Note
--------------------------------------------------------------
     0 | D:1      | abixa the Ogre Hunter began the quest for the Orb.
     0 | D:1      | Reached XP level 1. HP: 22/22 MP: 1/1
    83 | D:1      | Reached XP level 2. HP: 8/31 MP: 2/2
   403 | D:1      | You fall through a shaft!
   403 | D:2      | Noticed Jessica
   717 | D:1      | Reached XP level 3. HP: 33/37 MP: 3/3
  1090 | D:2      | Found a shattered altar of Ashenzari.
  1171 | D:2      | Killed Jessica
  1171 | D:2      | Reached XP level 4. HP: 40/45 MP: 4/4
  2157 | D:3      | Reached skill level 5 in Maces & Flails
  2526 | D:3      | Reached XP level 5. HP: 53/53 MP: 5/5
  2584 | D:3      | Reached skill level 6 in Maces & Flails
  3015 | D:4      | Noticed abixa's ghost (novice MiHu)
  3032 | D:4      | Reached XP level 6. HP: 36/62 MP: 6/6
  3381 | D:4      | Reached skill level 7 in Maces & Flails
  4822 | D:4      | Reached skill level 8 in Maces & Flails
  4822 | D:4      | Reached XP level 7. HP: 69/71 MP: 7/7
  4847 | D:4      | Reached skill level 5 in Fighting
  5925 | D:4      | Noticed an ogre
  5927 | D:4      | Reached skill level 9 in Maces & Flails
  5991 | D:3      | Killed an ogre
  6302 | D:4      | Reached XP level 8. HP: 66/83 MP: 8/8
  6717 | D:4      | Reached skill level 10 in Maces & Flails
  6763 | D:5      | Entered Level 5 of the Dungeon
  7737 | D:5      | Found an iron altar of Okawaru.
  7745 | D:5      | Became a worshipper of Warmaster Okawaru
  7932 | D:5      | Found a glowing silver altar of Zin.
  8112 | D:6      | Reached skill level 11 in Maces & Flails
  8168 | D:6      | Noticed Crazy Yiuf
  8188 | D:6      | Killed Crazy Yiuf
  8290 | D:6      | Found a bloodstained altar of Trog.
  8307 | D:6      | Reached skill level 12 in Maces & Flails
  8307 | D:6      | Reached XP level 9. HP: 72/96 MP: 9/9
  8337 | D:6      | Reached * piety under Okawaru
  8419 | D:6      | Noticed Aviak's ghost (novice DrEE)
  8452 | D:6      | Killed Aviak's ghost
  8452 | D:6      | Reached skill level 13 in Maces & Flails
  8758 | D:6      | Noticed Duvessa
  8759 | D:6      | Noticed Dowan
  8792 | D:6      | Killed Duvessa
  8792 | D:6      | Reached ** piety under Okawaru
  8795 | D:6      | Killed Dowan
  9093 | D:6      | Found an opulent altar of Gozag.
  9623 | D:7      | Reached skill level 14 in Maces & Flails
  9678 | D:7      | Found a staircase to the Ecumenical Temple.
  9690 | Temple   | Entered the Ecumenical Temple
 10035 | D:7      | Reached skill level 10 in Fighting
 10035 | D:7      | Reached XP level 10. HP: 93/110 MP: 10/10
 10454 | D:7      | Reached skill level 1 in Invocations
 10481 | D:7      | Noticed an ice statue
 10925 | D:8      | Reached *** piety under Okawaru
 11027 | D:8      | Reached skill level 15 in Maces & Flails
 11096 | D:8      | Found a snail-covered altar of Cheibriados.
 11796 | D:9      | Found a runed door.
 11874 | D:9      | Reached **** piety under Okawaru
 12510 | D:9      | Found a staircase to the Lair.
 12574 | Lair:1   | Entered Level 1 of the Lair of Beasts
 12622 | Lair:2   | Noticed Nergalle
 12663 | Lair:2   | Killed from afar by an electric eel

Action                   |  1- 3 |  4- 6 |  7- 9 | 10-12 || total
-------------------------+-------+-------+-------+-------++-------
Melee: Club              |    97 |    33 |       |       ||   130
       Short sword       |     6 |       |       |       ||     6
       Whip              |       |   222 |   444 |    84 ||   750
       Giant spiked club |       |       |       |   120 ||   120
Throw: Stone             |    28 |   110 |    87 |       ||   225
       Tomahawk          |       |       |    19 |    23 ||    42
       Large rock        |       |       |       |     8 ||     8
  Use: Scroll            |       |       |       |     7 ||     7
 Stab: Distracted        |     1 |       |       |       ||     1
       Sleeping          |       |     1 |     1 |     4 ||     6
  Eat: Chunk             |     1 |    11 |    17 |     8 ||    37
